 Dungeon Crawl Stone Soup version 0.25.1-2-g60ff931df9 (webtiles) character file.

Game seed: 10990914941658718160

2034 HawFromDerth the Thaumaturge (level 9, -6/67 HPs)
             Began as a Deep Elf Ice Elementalist on Sept 18, 2020.
             Was an Initiate of Ru.
             Mangled by an orc warrior
             ... wielding a +0 trident
              (9 damage)
             ... on level 8 of the Dungeon on Sept 19, 2020.
             The game lasted 00:38:29 (9690 turns).

HawFromDerth the Thaumaturge (DEIE)                 Turns: 9690, Time: 00:38:30

Health: -6/67      AC: 24    Str:  5    XL:     9   Next: 3%
Magic:  6/26       EV:  2    Int: 24    God:    Ru [......]
Gold:   246        SH:  0    Dex: 15    Spells: 12/31 levels left

rFire    + . .     SeeInvis +   d - +2 whip (freeze)
rCold    . . .     Gourm    .   (no shield)
rNeg     + + +     Faith    .   (armour currently unavailable)
rPois    +         Spirit   .   (helmet currently unavailable)
rElec    .         Reflect  .   (cloak currently unavailable)
rCorr    .         Harm     .   (gloves currently unavailable)
MR       .....     NoTele   +   (boots currently unavailable)
Stlth    +++.......             (no amulet)
HPRegen  0.21/turn              h - ring of protection from fire
MPRegen  0.20/turn              k - ring of see invisible

@: tree-form
A: evolution 1, subdued magic 1
a: Sacrifice Nimbleness, Sacrifice Artifice, Sacrifice Stealth, Reject
Sacrifices, Renounce Religion


You were on level 8 of the Dungeon.
You worshipped Ru.
Ru was noncommittal.
You were not hungry.
You were a tree.
You visited 1 branch of the dungeon, and saw 8 of its levels.

You collected 246 gold pieces.

Inventory:

Hand Weapons
 d - a +2 whip of freezing (weapon)
Missiles
 j - 160 stones (quivered)
Armour
 a - a +0 robe (melded)
Jewellery
 g - an uncursed ring of stealth
 h - a ring of protection from fire (left branch)
 k - a ring of see invisible (right branch)
 m - an uncursed amulet of guardian spirit {unknown}
 n - an uncursed ring of resist corrosion {unknown}
 s - an uncursed ring of ice {unknown}
Wands
 q - a wand of iceblast (23)
 r - a wand of acid (3)
Scrolls
 b - a scroll of fog {unknown}
 i - 2 scrolls of remove curse
 l - 4 scrolls of identify
 o - 2 scrolls of amnesia
 p - a scroll of random uselessness {unknown}
 v - 2 scrolls of magic mapping
Potions
 e - a potion of lignification
 f - 3 potions of brilliance
 t - a potion of magic {unknown}
Comestibles
 c - 8 rations


   Skills:
 + Level 0.1 Maces & Flails
 + Level 4.0 Dodging
 + Level 4.1 Stealth
 * Level 11.7 Spellcasting
 + Level 2.0 Conjurations
 + Level 0.1 Hexes
 + Level 2.0 Charms
 + Level 0.4 Summonings
 + Level 8.1 Ice Magic


You had 12 spell levels left.
You knew the following spells:

 Your Spells              Type           Power        Failure   Level  Hunger
a - Freeze                Ice            ####         1%          1    None
b - Frozen Ramparts       Ice            #####.       1%          3    None
c - Hailstorm             Conj/Ice       ####....     4%          4    None
d - Ozocubu's Armour      Chrm/Ice       ####....     1%          3    None
e - Summon Ice Beast      Ice/Summ       ####....     6%          4    None
f - Ensorcelled Hibernat  Hex/Ice        ####..       1%          2    None
g - Searing Ray           Conj           ###...       2%          2    None

Your spell library contained the following spells:

 Spells                   Type           Power        Failure   Level  Hunger
 Magic Dart               Conj           ###.         1%          1    None
 Corona                   Hex            ##.....      3%          1    None
 Dazzling Flash           Conj/Hex       ##....       7%          3    None
 Confusing Touch          Hex            ##......     11%         3    None
 Tukima's Dance           Hex            ##......     11%         3    None
 Fulminant Prism          Conj/Hex       ##........   24%         4    None
 Iskenderun's Mystic Bla  Conj/Tloc      ##......     24%         4    None


Dungeon Overview and Level Annotations

Branches:
Dungeon (8/15)             Temple (0/1) D:5
   Lair: D:8-11

Altars:
Ashenzari
Cheibriados
Dithmenos
Elyvilon
Fedhas
Kikubaaqudgha
Ru
Trog
The Shining One


Innate Abilities, Weirdness & Mutations

((Armour fits poorly on your strangely shaped body.))
You evolve.
Your spells are a little easier to cast, but a little less powerful.


Message History

It was a potion of lignification.
You turn into a tree.
Your +0 robe melds into your body.
Your roots penetrate the ground.
You feel strangely stable.
The orc warrior hits you but does no damage.
The spriggan baker hits you but does no damage.
The orc warrior hits you but does no damage.
The spriggan baker hits you but does no damage.
The spriggan baker hits you but does no damage.
The orc warrior hits you from afar with a +0 trident.
* * * LOW HITPOINT WARNING * * *
The spriggan baker hits you but does no damage.
The orc warrior hits you but does no damage.
The spriggan baker completely misses you.
The orc warrior hits you but does no damage.
The spriggan baker hits you but does no damage.
The orc warrior hits you but does no damage.
Your magical contamination has completely faded away.
The spriggan baker hits you but does no damage.
The orc warrior hits you from afar with a +0 trident!
You die...

#......#..##.#...#(#†#).....
#......#..o......(.)........
#......#..##.#........).....
#....o.#..##.#.>##...≈♣≈♣...
#......######......#PP≈≈≈...
#......# %%#...####.≈≈....#
#......# ##.##### ###..##.#
#......# #i.# ..#
#.....o####♣# .#
######...##.# #.oo.o.#
########


You could see an orc warrior and a spriggan baker.

Vanquished Creatures
  Prince Ribbit (D:7)
  A water moccasin (D:6)
  Duvessa (D:7)
  An orc warrior (D:6)
  A sky beast (D:5)
  An ogre (D:7)
  2 centaurs
  4 bullfrogs
  Dowan (D:7)
  3 crimson imps
  8 orc wizards
  2 hounds
  A jelly (D:7)
  2 orc priests (D:6)
  A bullfrog skeleton (D:5)
  2 worker ants
  A howler monkey skeleton (D:4)
  4 gnolls (D:5)
  7 adders
  A shadow imp (D:6)
  An ooze (D:1)
  4 worms
  5 dart slugs
  2 leopard geckos (D:1)
  27 orcs
  6 giant cockroaches
  4 goblins
  7 hobgoblins (D:1)
  7 jackals
  16 kobolds
  3 quokkas
  A ball python (D:3)
  3 bats (D:1)
  5 frilled lizards
  A leopard gecko skeleton (D:6)
  5 rats
142 creatures vanquished.

Vanquished Creatures (collateral kills)
  2 big kobolds
  A hound (D:7)
  2 kobolds (D:7)
5 creatures vanquished.

Grand Total: 147 creatures vanquished

Notes
Turn   | Place    | Note
-------+----------+-------------------------------------------
     0 | D:1      | HawFromDerth the Deep Elf Ice Elementalist began the quest
                  | for the Orb.
     0 | D:1      | Reached XP level 1. HP: 10/10 MP: 6/6
   199 | D:1      | Reached XP level 2. HP: 13/15 MP: 2/8
  1167 | D:1      | Reached XP level 3. HP: 19/19 MP: 7/10
  1172 | D:1      | Learned a level 3 spell: Frozen Ramparts
  1206 | D:1      | Reached skill level 4 in Spellcasting
  2104 | D:2      | Reached skill level 5 in Ice Magic
  2104 | D:2      | Reached XP level 4. HP: 19/24 MP: 5/12
  2261 | D:2      | Found a snail-covered altar of Cheibriados.
  2925 | D:3      | Found a shadowy altar of Dithmenos.
  3384 | D:3      | Found a bloodstained altar of Trog.
  3418 | D:3      | Found a shattered altar of Ashenzari.
  3715 | D:3      | Found a sacrificial altar of Ru.
  3733 | D:3      | Became a worshipper of Ru the Awakened
  3750 | D:3      | Reached skill level 5 in Spellcasting
  4271 | D:4      | Reached XP level 5. HP: 28/28 MP: 9/14
  4529 | D:4      | Learned a level 4 spell: Hailstorm
  5187 | D:4      | Found a blossoming altar of Fedhas.
  5482 | D:5      | Entered Level 5 of the Dungeon
  5502 | D:5      | Reached skill level 6 in Spellcasting
  5639 | D:5      | Reached XP level 6. HP: 32/32 MP: 12/17
  5736 | D:5      | Noticed a sky beast
  5745 | D:5      | Killed a sky beast
  5745 | D:5      | Reached skill level 7 in Spellcasting
  5809 | D:5      | Found a white marble altar of Elyvilon.
  6125 | D:5      | Found a staircase to the Ecumenical Temple.
  6891 | D:6      | Reached skill level 8 in Spellcasting
  6891 | D:6      | Reached XP level 7. HP: 4/36 MP: 14/20
  7335 | D:6      | Learned a level 3 spell: Ozocubu's Armour
  7340 | D:6      | Learned a level 4 spell: Summon Ice Beast
  7393 | D:6      | Reached skill level 9 in Spellcasting
  7505 | D:6      | Reached skill level 1 in Charms
  7678 | D:6      | Reached XP level 8. HP: 4/41 MP: 7/23
  8554 | D:7      | Found an ancient bone altar of Kikubaaqudgha.
  8554 | D:7      | Found a glowing golden altar of the Shining One.
  8587 | D:7      | Noticed Prince Ribbit
  8591 | D:7      | Reached skill level 10 in Spellcasting
  8591 | D:7      | Reached skill level 1 in Conjurations
  8715 | D:7      | Gained mutation: Your spells are a little easier to cast,
                  | but a little less powerful. [potion of mutation]
  8715 | D:7      | Gained mutation: Armour fits poorly on your strangely
                  | shaped body. [potion of mutation]
  8715 | D:7      | Gained mutation: You evolve. [potion of mutation]
  8843 | D:7      | Noticed Duvessa
  8843 | D:7      | Noticed Dowan
  8881 | D:7      | Killed Dowan
  9006 | D:7      | Learned a level 2 spell: Ensorcelled Hibernation
  9009 | D:7      | Learned a level 2 spell: Searing Ray
  9094 | D:7      | Killed Prince Ribbit
  9094 | D:7      | Reached skill level 11 in Spellcasting
  9162 | D:7      | Killed Duvessa
  9544 | D:8      | Reached XP level 9. HP: 37/45 MP: 14/26
  9682 | D:8      | HP: 2/45 [spriggan baker/+0 dagger (10)]
  9690 | D:8      | Mangled by an orc warrior

Illustrated notes

Levels and vault maps discovered:
D:1:      lightli_arrival_boilingwater, layout_loops_corners
D:2:      layout_basic, kennysheep_slug_shrine, first_ration, st_stairs_4
D:3:      layout_basic, ashenzari_conservatory_becter, lemuel_round_altar,
          nicolae_ru_awakened_eye, nicolae_dithmenos_through_a_glass_darkly
D:4:      layout_basic, serial_rivers, chequers_serial_rivers_small_3,
          chequers_serial_rivers_micro_e, chequers_serial_rivers_micro_e,
          chequers_serial_rivers_micro_d, chequers_serial_rivers_micro_b,
          amethyst_killhole, fedhas_altar_4
D:5:      layout_basic, lemuel_temple_firewalk_a, elyvilon_altar_4
D:6:      layout_rooms, nicolae_overflow_hidden_temple
D:7:      layout_basic, chequers_temple_overflow_statue_of_worship,
          uniq_duvessa, uniq_prince_ribbit1
D:8:      layout_basic, serial_bayou, serial_bayou_pond_e, serial_bayou_pond_e,
          serial_bayou_pond_e, serial_bayou_shore_b, the_bakery,
          nicolae_alphabet_shops

Skill      XL: |  1  2  3  4  5  6  7  8 |
---------------+-------------------------+-----
Spellcasting   | 4 5 6 8 9 11 | 11.7
Ice Magic      | 5 6 8 |  8.1
Stealth        | 3 4 |  4.1
Dodging        | 3 4 |  4.0
Charms         | 1 2 |  2.0
Conjurations   | 2 |  2.0
Maces & Flails | |  0.1
Hexes          | |  0.1
Summonings     | |  0.4

Action                   |  1- 3 |  4- 6 |  7- 9 || total
-------------------------+-------+-------+-------++-------
Melee: Whip              |     9 |    31 |    15 ||    55
       Short sword       |     1 |       |       ||     1
       Unarmed           |       |       |     1 ||     1
 Cast: Freeze            |    44 |    65 |    52 ||   161
       Frozen Ramparts   |     8 |    23 |    12 ||    43
       Hailstorm         |       |     4 |    24 ||    28
       Ozocubu's Armour  |       |       |     9 ||     9
       Summon Ice Beast  |       |       |     4 ||     4
       Searing Ray       |       |       |     3 ||     3
       Ensorcelled Hiber |       |       |     3 ||     3
  Use: Scroll            |       |     6 |     7 ||    13
       Potion            |       |     4 |     7 ||    11
 Stab: Sleeping          |     1 |     1 |       ||     2
  Eat: Chunk             |     4 |    10 |     3 ||    17
       Ration            |       |     2 |     2 ||     4
Armor: Robe              |     6 |    10 |    11 ||    27
       Skin              |       |       |    21 ||    21
Dodge: Dodged            |    29 |    54 |    84 ||   167
